 Dungeon Crawl Stone Soup version 0.22-a0-268-g1cc83ef (webtiles) character file.

1077 CanOfBees the Fighter (level 8, -1/72 (74) HPs)
             Began as a Ghoul Monk on Mar 9, 2018.
             Was a Believer of Makhleb.
             Slain by an orc warrior
             ... wielding a +0 war axe
              (19 damage)
             ... on level 6 of the Dungeon.
             The game lasted 00:10:25 (4335 turns).

CanOfBees the Fighter (Ghoul Monk)                  Turns: 4335, Time: 00:10:25

HP:   -1/72 (74)    AC:  7    Str: 17    XL:     8   Next: 29%
MP:   7/7           EV: 10    Int:  5    God:    Makhleb [**....]
Gold: 193           SH:  0    Dex: 11    Spells: 7/7 levels left

rFire    . . .     SeeInvis .     - Unarmed
rCold    + . .     Gourm    .   (no shield)
rNeg     + + +     Faith    .   i - +0 scale mail
rPois    ∞         Spirit   .   (no helmet)
rElec    .         Reflect  .   (no cloak)
rCorr    .         Harm     .   (no gloves)
MR       .....                  u - +0 pair of boots
Stlth    ..........             (no amulet)
HPRegen  0.00/turn              (no ring)
MPRegen  0.10/turn              (no ring)

@: rotting
A: rotting body, claws 1, carnivore, cold resistance 1, negative energy
resistance 3, inhibited regeneration, torment resistance, unbreathing
a: Minor Destruction, Renounce Religion


You were on level 6 of the Dungeon.
You worshipped Makhleb.
Makhleb was pleased with you.
You were not hungry.

You visited 2 branches of the dungeon, and saw 7 of its levels.
You also visited: Sewer.

You collected 193 gold pieces.

Inventory:

Hand Weapons
 n - a +0 hunting sling
Missiles
 e - 2 needles of sleeping
 k - 19 poisoned needles
Armour
 i - a +0 scale mail (worn)
 u - a +0 pair of boots (worn)
Wands
 q - a wand of scattershot (2)
 t - a wand of polymorph (8)
 v - a wand of disintegration (12)
Scrolls
 a - 3 scrolls of magic mapping {unknown}
 c - 2 scrolls of fog {unknown}
 d - 6 scrolls of teleportation
 f - 5 scrolls of identify {unknown}
 g - a scroll of fear {unknown}
 l - 2 scrolls of amnesia {unknown}
 m - 2 scrolls of remove curse {unknown}
 p - 2 scrolls of enchant weapon {unknown}
 s - a scroll of enchant armour {unknown}
Potions
 h - 3 potions of flight {unknown}
 j - 2 potions of might {unknown}
 o - 4 potions of curing {unknown}
 r - 2 potions of lignification {unknown}
Comestibles
 b - 5 rations


   Skills:
 + Level 8.0 Fighting
 - Level 3.0 Dodging
 - Level 2.1 Stealth
 + Level 8.0 Unarmed Combat
 * Level 0.0 Invocations


You had 7 spell levels left.
You didn't know any spells.

Dungeon Overview and Level Annotations

Branches:
Dungeon (6/15)             Temple (1/1) D:6

Altars:
Ashenzari
Dithmenos
Elyvilon
Fedhas
Gozag
Hepliaklqana
Kikubaaqudgha
Makhleb
Nemelex Xobeh
Okawaru
Qazlal
Ru
Sif Muna
Trog
Uskayaw
Vehumet
Wu Jian
Xom
Yredelemnul
Zin
The Shining One

Shops:
D:2 *


Innate Abilities, Weirdness & Mutations

Your body is rotting away.
You thrive on raw meat.
You are immune to poison.
You have sharp fingernails.
You are carnivorous and can eat meat at any time.
Your flesh is cold resistant. (rC+)
You are immune to negative energy. (rN+++)
You do not regenerate when monsters are visible.
You are immune to unholy pain and torment.
You can survive without breathing.


Message History

The orc warrior hits you with a war axe!
You barely miss the orc warrior.
The orc warrior is heavily wounded.
You scratch the orc warrior but do no damage.
The orc warrior is heavily wounded.
The orc warrior hits you with a war axe.
* * * LOW HITPOINT WARNING * * *
You scratch the orc warrior but do no damage.
The orc warrior is heavily wounded.
The orc warrior hits you with a war axe.
* * * LOW HITPOINT WARNING * * *
You barely miss the orc warrior.
The orc warrior is heavily wounded.
The orc warrior closely misses you.
You barely miss the orc warrior.
The orc warrior is heavily wounded.
You scratch the orc warrior but do no damage.
The orc warrior is heavily wounded.
The orc warrior hits you with a war axe!!
You die... #..# # ##..#### #........ .#..... ..... .oo

#o# #@# #.# #.#
#)############ #.##.........#
### #.##...#.#...## ##.##
###.#...#.#.#...#
##...########...#..#.#.#.#..#
#.<.................#.>.#...#


You could see an orc warrior and 2 orcs.

Vanquished Creatures
  Grinder (D:3)
  An ice beast (D:5)
  3 ogres
  A big kobold (Sewer)
  A scorpion (D:4)
  A crimson imp (D:5)
  2 hounds
  2 worker ants (D:5)
  A worker ant zombie (D:5)
  4 gnolls (D:3)
  11 adders
  A river rat (Sewer)
  2 shadow imps
  An ooze (D:2)
  An adder zombie (D:5)
  2 worms
  2 dart slugs (D:1)
  A leopard gecko (D:2)
  6 orcs
  8 giant cockroaches
  6 hobgoblins
  11 jackals
  2 quokkas (D:5)
  5 ball pythons
  3 bats
  8 frilled lizards
  5 goblins
  8 kobolds
  13 rats
113 creatures vanquished.

Notes
Turn   | Place    | Note
-------+----------+-------------------------------------------
     0 | D:1      | CanOfBees the Ghoul Monk began the quest for the Orb.
     0 | D:1      | Reached XP level 1. HP: 19/19 MP: 0/0
   174 | D:1      | Reached XP level 2. HP: 23/26 MP: 1/1
   348 | D:1      | Reached XP level 3. HP: 33/33 MP: 2/2
   932 | D:2      | Found Gozag's Platinum Reserve.
   932 | D:2      | Found an opulent altar of Gozag.
   962 | D:2      | Reached XP level 4. HP: 37/40 MP: 3/3
  1352 | D:3      | Noticed Grinder
  1369 | D:3      | Paralysed by Grinder for 3 turns
  1410 | D:3      | Paralysed by Grinder for 3 turns
  1424 | D:3      | Killed Grinder
  1424 | D:3      | Reached skill level 5 in Fighting
  1424 | D:3      | Reached skill level 5 in Unarmed Combat
  1424 | D:3      | Reached XP level 5. HP: 19/50 MP: 4/4
  1424 | D:3      | Reached XP level 6. HP: 22/57 MP: 5/5
  1617 | D:3      | Found an iron altar of Okawaru.
  2255 | D:4      | Reached XP level 7. HP: 50/63 MP: 6/6
  2484 | D:4      | Found a glowing drain.
  2496 | Sewer    | Entered a sewer
  2663 | Sewer    | Found a white marble altar of Elyvilon.
  3160 | D:5      | Entered Level 5 of the Dungeon
  3249 | D:5      | Found a deep blue altar of Sif Muna.
  3422 | D:5      | Found an ornate altar of the Wu Jian Council.
  3452 | D:5      | Reached XP level 8. HP: 73/73 MP: 7/7
  4107 | D:6      | Found a staircase to the Ecumenical Temple.
  4117 | Temple   | Entered the Ecumenical Temple
  4191 | Temple   | Became a worshipper of Makhleb the Destroyer
  4191 | Temple   | Reached * piety under Makhleb
  4191 | Temple   | Reached ** piety under Makhleb
  4217 | D:6      | Found a basalt altar of Yredelemnul.
  4335 | D:6      | Slain by an orc warrior

Vault maps used:
D:1:      dpeg_arrival_simpleton_c
D:2:      nicolae_gozag_zags_fifth_avenue
D:3:      kennysheep_big_empty_room, okawaru_ov_weapons_minmay, uniq_grinder
D:4:      first_ration, cheibrodos_sewer_entry_drain,
          hangedman_abyss_or_decor_passed
D:5:      lemuel_crystal_altar, old_standard_altar, serial_glass,
          glass_columns_a, glass_columns_a, due_unseen_surprise,
          minmay_misc_feat_plants, minmay_strange_pillars, minmay_curled_crystal
D:6:      amethyst_overflow_temple_binary, minmay_temple_entry_grid,
          yredelemnul_altar_generic
Temple:   hc_temple_tempest_star
Sewer:    sewer_kobolds

Skill      XL: |  1  2  3  4  5  6  7  8 |
---------------+-------------------------+-----
Dodging        | 3 |  3.0
Unarmed Combat | 4 5 6 7 8 |  8.0
Fighting       | 4 5 6 7 8 |  8.0
Stealth        | |  2.1

Action                   |  1- 3 |  4- 6 |  7- 9 || total
-------------------------+-------+-------+-------++-------
Melee: Unarmed           |   111 |   160 |   149 ||   420
       Punch             |     2 |     2 |     3 ||     7
  Use: Scroll            |       |     1 |       ||     1
 Stab: Sleeping          |     5 |       |       ||     5
  Eat: Chunk             |    16 |    20 |    13 ||    49
Armor: Robe              |    28 |       |       ||    28
       Scale mail        |     3 |    56 |    35 ||    94
Dodge: Dodged            |    89 |    65 |    77 ||   231

Table legend:
 A = Spawn XP
 B = Non-spawn XP
 C = Spawn XP percentage of total XP
 D = Spawn monster count
 E = Non-spawn monster count
 F = Spawn count percentage of total count
 G = Total turns spent on level
                    A         B        C        D         E        F      G
               +---------+---------+-------+---------+---------+-------+---------
         Total |       0 |    1539 |   0.0 |       0 |     113 |   0.0 |  4335
               +---------+---------+-------+---------+---------+-------+---------
           D:1 |       0 |      46 |   0.0 |       0 |      27 |   0.0 |   675
           D:2 |       0 |      79 |   0.0 |       0 |      22 |   0.0 |   670
           D:3 |       0 |     407 |   0.0 |       0 |      27 |   0.0 |   798
           D:4 |       0 |     274 |   0.0 |       0 |      11 |   0.0 |   852
           D:5 |       0 |     488 |   0.0 |       0 |      14 |   0.0 |   700
           D:6 |       0 |     125 |   0.0 |       0 |       2 |   0.0 |   336
         Sewer |       0 |     120 |   0.0 |       0 |      10 |   0.0 |   214
               +---------+---------+-------+---------+---------+-------+---------
